 Dungeon Crawl Stone Soup version 0.20-a0-864-g92acfd1 (webtiles) character file.

831662 4thArraOfDagon the Mummy Blade (level 27, -17/222 HPs)
             Began as a Mummy Wanderer on Mar 9, 2017.
             Was the Champion of Cheibriados.
             Killed by dispel undead
             ... invoked by a Tzitzimitl
              (58 damage)
             ... in Pandemonium on Mar 12, 2017.
             The game lasted 05:01:55 (42541 turns).

4thArraOfDagon the Mummy Blade (Mummy Wanderer)    Turns: 42541, Time: 05:01:56

Health: -17/222    AC: 30    Str: 33    XL:     27
Magic:  5/18       EV: 34    Int: 49    God:    Cheibriados [******]
Gold:   1562       SH:  0    Dex: 39    Spells: 4/46 levels left

rFire    + . .     SeeInvis .   M - +9 great sword of the Shark {antimagic, rC+ Int+4 Dex+3}
rCold    + + .     Gourm    .   w - +7 fire dragon scales "Ybryumm" {*Drain rF++ rC- rN++ MP+9 Int+4}
rNeg     + + +     Faith    .   (shield currently unavailable)
rPois    ∞         Spirit   .   R - +3 hat of Pondering {ponderous, MR+ MP+10 Int+5}
rElec    +         Reflect  .   P - scarf {repulsion}
rCorr    +         Harm     .   t - +2 pair of gloves of Kedaujut {rCorr Int+3}
MR       +++++                  N - +0 pair of boots "Cing" {Regen+}
Stlth    ++++......             s - amulet "Mopegom" {rC+ Regen+ Int+4}
Regen    1.3/turn               B - ring "Titugumm" {+Inv rElec MR+ Dex-2 Slay+4}
MPRegen  0.2/turn               x - ring "Addomok" {rCorr rPois Dex+4 Slay+3 Stlth+}

@: about to teleport, very slightly contaminated, slowed, repel missiles, very
slow
A: no food or potions, fire vulnerability, cold resistance 1, negative energy
resistance 3, torment resistance, unbreathing, in touch with death 2
}: 7/15 runes: decaying, slimy, silver, golden, abyssal, demonic, gossamer
a: Bend Time, Temporal Distortion, Slouch, Step From Time, Renounce Religion,
Evoke Invisibility


You were in Pandemonium.
You worshipped Cheibriados.
Cheibriados was exalted by your worship.
You were not hungry.

You visited 11 branches of the dungeon, and saw 55 of its levels.
You visited Pandemonium 2 times, and saw 12 of its levels.
You visited the Abyss 1 time.
You visited 1 ziggurat, and saw 10 of its levels.
You also visited: Trove, Ossuary, Bailey, Ice Cave and Desolation.

You collected 5632 gold pieces.
You spent 4070 gold pieces at shops.

Inventory:

Hand Weapons
 j - the +2 Maxwell's thermic engine {flame, freeze, rF- rC-}
   (You found it on level 1 of the Depths)

   It has been specially enchanted to burn those struck by it, causing extra
   injury to most foes and up to half again as much damage against particularly
   susceptible opponents.
   Big, fiery blades are also staple armaments of hydra-hunters.
   It makes you vulnerable to fire.
   It makes you vulnerable to cold.
 m - the +6 arbalest "Damnation" {damnation}
   (You found it on level 3 of the Elven Halls)
 M - the +9 great sword of the Shark (weapon) {antimagic, rC+ Int+4 Dex+3}
   (You bought it in a shop on level 1 of the Vaults)

   It reduces the magical energy of the wielder, and disrupts the spells and
   magical abilities of those hit.
   Natural abilities and divine invocations are not affected.
   It affects your intelligence (+4).
   It affects your dexterity (+3).
   It protects you from cold.
Missiles
 b - 428 bolts
Armour
 a - the +10 large shield of Ignorance {rN+ Int-4}
   (You found it on level 2 of the Orcish Mines)

   It affects your intelligence (-4).
   It protects you from negative energy.
 l - the +8 orange crystal plate armour {Archmagi, Int+3 Clar}
   (You bought it in a shop on level 11 of the Dungeon)

   It affects your intelligence (+3).
   It protects you against confusion.
 t - the +2 pair of gloves of Kedaujut (worn) {rCorr Int+3}
   (You bought it in a shop on level 2 of the Elven Halls)

   It affects your intelligence (+3).
   It protects you from acid and corrosion.
 w - the +7 fire dragon scales "Ybryumm" (worn) {*Drain rF++ rC- rN++ MP+9 Int+4}
   (You found it on level 2 of the Depths)

   It affects your intelligence (+4).
   It greatly protects you from fire.
   It makes you vulnerable to cold.
   It greatly protects you from negative energy.
   It affects your magic capacity (+9).
   It causes draining when unequipped.
 N - the +0 pair of boots "Cing" (worn) {Regen+}
   (You found it on level 1 of the Depths)

   It increases your rate of regeneration.
 P - a scarf of repulsion (worn)
 R - the +3 hat of Pondering (worn) {ponderous, MR+ MP+10 Int+5}
   (You found it on level 5 of the Vaults)

   It affects your intelligence (+5).
   It affects your resistance to hostile enchantments.
   It affects your magic capacity (+10).
 W - the +0 cloak of Paothr Wura {rElec rPois rCorr}
   (You bought it in a shop on level 2 of the Orcish Mines)

   It insulates you from electricity.
   It protects you from poison.
   It protects you from acid and corrosion.
Jewellery
 k - the ring "Riomas" {rC+ MR+ Dex+2 Stlth+}
   (You found it on level 3 of the Elven Halls)

   [ring of dexterity]

   It affects your dexterity (+2).
   It protects you from cold.
   It affects your resistance to hostile enchantments.
   It makes you more stealthy.
 s - the amulet "Mopegom" (around neck) {rC+ Regen+ Int+4}
   (You found it in a treasure trove)

   [amulet of regeneration]

   It affects your intelligence (+4).
   It protects you from cold.
   It increases your rate of regeneration.
 x - the ring "Addomok" (left hand) {rCorr rPois Dex+4 Slay+3 Stlth+}
   (You found it in a treasure trove)

   [ring of resist corrosion]

   It affects your dexterity (+4).
   It affects your accuracy and damage with ranged weapons and melee attacks
   (+3).
   It protects you from poison.
   It makes you more stealthy.
 B - the ring "Titugumm" (right hand) {+Inv rElec MR+ Dex-2 Slay+4}
   (You found it in a treasure trove)

   [ring of protection from magic]

   It affects your dexterity (-2).
   It affects your accuracy and damage with ranged weapons and melee attacks
   (+4).
   It insulates you from electricity.
   It affects your resistance to hostile enchantments.
   It lets you turn invisible.
 D - an uncursed ring of protection from fire
 G - the ring of the Coward {rF+ Dex+3}
   (You took it off an ogre mage on level 5 of the Vaults)

   [ring of protection from fire]

   It affects your dexterity (+3).
   It protects you from fire.
 I - the ring of Peruomip {rCorr rElec rC- rN+++ Stlth+}
   (You found it in a treasure trove)

   [ring of resist corrosion]

   It makes you vulnerable to cold.
   It insulates you from electricity.
   It renders you almost immune to negative energy.
   It makes you more stealthy.
 O - the ring "Biriqeuwn" {Wiz +Fly Int+3}
   (You found it on level 3 of the Elven Halls)

   [ring of wizardry]

   It improves your spell success rate.
   It affects your intelligence (+3).
   It lets you fly.
 T - the ring "Vioxugai" {Wiz rF+ rC- Int+4}
   (You found it on level 3 of the Tomb of the Ancients)

   [ring of wizardry]

   It improves your spell success rate.
   It affects your intelligence (+4).
   It protects you from fire.
   It makes you vulnerable to cold.
Wands
 g - a wand of paralysis (9/24)
 r - a wand of disintegration (13/24)
 z - a wand of clouds (3/9)
 A - a wand of digging (5/24)
 L - a wand of digging (12/24)
 Q - a wand of iceblast (8/15)
 V - a wand of iceblast (11/15)
Scrolls
 c - 13 scrolls of teleportation
 e - 5 scrolls of fog
 n - 5 scrolls of enchant armour
 o - 6 scrolls of blinking
 p - 8 scrolls of recharging
 q - 3 scrolls of immolation
 u - 6 scrolls of magic mapping
 y - 3 scrolls of fear
 E - 6 scrolls of identify
 F - 2 scrolls of acquirement
 H - 2 scrolls of torment
 J - 3 scrolls of amnesia
 K - a scroll of silence
 S - 2 scrolls of brand weapon
 Z - 13 scrolls of remove curse
Miscellaneous
 d - a lamp of fire
 f - a figurine of a ziggurat
 h - a phial of floods
 i - a lightning rod (4/4)
 v - 3 phantom mirrors
 C - a crystal ball of energy
 U - 5 sacks of spiders
 X - 6 boxes of beasts
 Y - a fan of gales


   Skills:
 + Level 19.4 Fighting
 - Level 23.0 Long Blades
 - Level 13.0 Crossbows
 + Level 18.0 Armour
 * Level 19.6 Dodging
 * Level 7.5 Stealth
 - Level 10.0 Spellcasting
 - Level 4.2 Hexes
 - Level 3.7 Charms
 - Level 18.0 Necromancy
 - Level 4.3 Translocations
 - Level 12.0 Invocations
 * Level 6.8 Evocations


You had 4 spell levels left.
You knew the following spells:

 Your Spells              Type           Power        Failure   Level  Hunger
a - Passwall              Tmut/Erth      ###.......   2%          2    N/A
b - Spectral Weapon       Hex/Chrm       ######..     1%          3    N/A
c - Apportation           Tloc           ######       1%          1    N/A
d - Blink                 Tloc           N/A          1%          2    N/A
e - Aura of Abjuration    Summ           ###.......   43%         5    N/A
f - Silence               Hex/Air        #####.....   21%         5    N/A
g - Haunt                 Necr/Summ      ########..   34%         7    N/A
h - Infestation           Necr           #########.   8%          8    N/A
i - Passage of Golubria   Tloc           N/A          2%          4    N/A
j - Dispel Undead         Necr           ########     1%          5    N/A

Dungeon Overview and Level Annotations

Branches:
Dungeon (15/15)            Temple (0/1) D:6            Lair (6/6) D:11
  Swamp (4/4) Lair:3       Spider (4/4) Lair:2        Slime (5/5) Lair:6
    Orc (2/2) D:11            Elf (3/3) Orc:2        Vaults (5/5) D:13
  Crypt (3/3) Vaults:2       Tomb (3/3) Crypt:3      Depths (5/5) D:15
    Zot (0/5) Depths:5

Altars:
Ashenzari
Cheibriados
Dithmenos
Elyvilon
Hepliaklqana
Kikubaaqudgha
Nemelex Xobeh
Okawaru
Qazlal
Ru
Sif Muna
Uskayaw
Xom
Zin
Jiyva

Shops:
D:7 %   D:8 [   D:11 [   D:12 =   D:13 =   Orc:2 **(*[   Elf:1 (   Elf:2 *%[[%
Elf:3 [%?   Vaults:1 *(=**

Portals:
Hell: Depths:1 Depths:2 Depths:3
Abyss: Depths:2
Pandemonium: Depths:3

Annotations:
D:6 Doomer's ghost, novice HuCK
D:7 nht's ghost, novice OgGl
Lair:5 Rupert
Lair:6 exclusion: upstairs
Swamp:3 exclusion: Roxanne, Roxanne
Orc:2 1 runed door, exclusion: 4 orange crystal statues
Pan 2 runed doors


Innate Abilities, Weirdness & Mutations

You do not eat or drink.
Your flesh is vulnerable to fire.
You are immune to poison.
Your flesh is cold resistant. (rC+)
You are immune to negative energy. (rN+++)
You are immune to unholy pain and torment.
You can survive without breathing.
You are strongly in touch with the powers of death.


Message History

Unknown command.
Unknown command.
Blink to where?
Press: ? - help, Dir - move target cursor You are very lightly contaminated with residual magic.
As you read the scroll of blinking, it crumbles to dust.
Unknown command.
As you read the scroll of teleportation, it crumbles to dust.
You feel strangely unstable. The smoke demon gestures at you.
Something smites you!
* * * LOW HITPOINT WARNING * * *
Unknown command.
Unknown command.
The smoke demon gestures at you. Something smites you!
* * * LOW HITPOINT WARNING * * *
The Tzitzimitl gestures at you.
You convulse!
You die...

....#...))........
....##'#.#...##..#
##########....#..#.'.##..###
#....#...#....#3...........#
#....'...#....1..'.........#
#....#...#....#..###'###...#
#....#...#....#..#.....#'###
....#..#######....####.........#
#....##'# #...@...............#
.....#..# #...................#
.....#..# +...................#
.... #..# #..........#####....#
..) #..# #..........#...#.....
.#####..# ..#'###....#...#.....
.'...'..# ...#.. ....#...#.....
.#...#..# ....'. ....#...#.....
.#####..# ...#### #...'.....


You could see a Tzitzimitl and a smoke demon.

Vanquished Creatures
  the Royal Jelly (Slime:5)
  6 pandemonium lords
  Mara (Tomb:3)
  3 ancient liches
  31 greater mummies
  5 juggernauts
  The ghost of Azzok the Skullcrusher, a legendary GrMo of the Shining One (Pan)
  Margery (Crypt:2)
  4 golden dragons
  A Killer Klown (Zig:6)
  Nikola (Depths:3)
  Jory (Crypt:1)
  Arachne (Spider:3)
  4 bone dragons
  7 liches
  Jorgrun (Swamp:4)
  An iron giant (Zig:1)
  4 Brimstone Fiends
  5 Tzitzimimeh (Pan)
  2 Ice Fiends
  4 Hell Sentinels (Pan)
  4 deep elf blademasters
  4 tentacled monstrosities (Vaults:5)
  A deep elf master archer (Elf:3)
  30 acid blobs
  2 tentacled starspawn (Abyss:2)
  2 quicksilver dragons (Vaults:5)
  6 Executioners (Pan)
  2 titans
  2 thorn hunters
  12 sphinxes
  7 ancient champions
  2 tengu reavers
  A storm dragon (shapeshifter) (Depths:2)
  4 revenants
  2 storm dragons
  3 shadow dragons
  2 warmongers (Pan)
  Donald (Swamp:3)
  14 azure jellies
  An azure jelly (shapeshifter) (Depths:2)
  8 fire giants
  12 vault wardens
  9 cacodemons (Pan)
  5 orc warlords
  8 deep elf sorcerers
  13 frost giants
  2 iron dragons (Vaults:5)
  Aizul (Swamp:3)
  4 deep elf elementalists
  4 ghost moths
  An angel (Depths:4)
  10 balrugs
  4 emperor scorpions (Spider:4)
  A juggernaut zombie (Crypt:1)
  A draconian shifter (Depths:5)
  2 draconian stormcallers (Depths:5)
  2 curse skulls
  10 ghouls
  19 very ugly things
  9 ironheart preservers
  5 reapers
  2 spriggan defenders (Depths:3)
  3 blood saints (Pan)
  8 bennus
  11 war gargoyles
  An entropy weaver (Vaults:5)
  4 vampire knights
  6 corrupters (Pan)
  15 stone giants
  17 large abominations
  2 black draconians (Depths:5)
  A green draconian (Depths:5)
  6 deep elf demonologists
  3 dire elephants
  4 black suns (Pan)
  11 deep elf annihilators
  2 spark wasps (Spider:4)
  8 lorocyprocas (Pan)
  A yellow draconian (Depths:5)
  The ghost of Protee the Blocker, a journeyman FoFi of Wu Jian (D:13)
  12 crystal guardians (Depths:2)
  3 merfolk javelineers (Zig:9)
  7 green deaths
  19 death oozes
  9 ettins
  12 fire dragons
  2 quicksilver dragon zombies
  20 blizzard demons
  5 eidola
  Josephine (D:15)
  27 mummy priests
  10 deep elf death magi
  2 merfolk impalers (Zig:9)
  13 deep elf high priests
  2 jiangshi (Crypt:1)
  14 ice dragons
  13 great orbs of eyes
  10 yaktaur captains
  13 hydras
  A merfolk avatar (Zig:9)
  10 rakshasas
  A hydra (shapeshifter) (Depths:2)
  26 vault guards
  6 spriggan air magi
  3 hell beasts
  4 monstrous demonspawn (Pan)
  2 ghost crabs (Swamp:4)
  A catoblepas (Elf:2)
  3 death knights
  2 juggernaut simulacra (Pan)
  8 alligators
  46 two-headed ogres
  An anaconda (shapeshifter) (Depths:2)
  A merfolk aquamancer (Zig:9)
  5 tengu warriors
  42 dancing weapons
  An alligator snapping turtle (shapeshifter) (Zig:6)
  10 centaur warriors
  A satyr (Zig:9)
  8 deep troll shamans
  3 vampire magi
  10 ogre magi
  3 spriggan berserkers (Depths:5)
  7 orc high priests
  A shock serpent (Depths:2)
  5 deep troll earth magi
  A hell hog (Abyss:2)
  48 death scarabs
  A shock serpent (shapeshifter) (Depths:2)
  7 soul eaters
  14 small abominations
  2 thrashing horrors
  Sonja (Lair:2)
  A fire crab (shapeshifter) (Vaults:3)
  3 iron trolls
  26 deep elf knights
  2 wretched stars
  A death drake (shapeshifter) (Zig:6)
  3 gelid demonspawn (Pan)
  26 skeletal warriors
  12 sixfirhies (Pan)
  16 sun demons
  29 hell knights
  3 shadow wraiths
  6 swamp dragons
  7 torturous demonspawn (Pan)
  3 spatial maelstroms
  7 unseen horrors
  3 storm dragon skeletons
  A spectral hydra (Swamp:4)
  11 glowing orange brains
  5 shadow demons (Pan)
  26 deep trolls
  3 obsidian statues (Depths:2)
  3 spriggan druids
  2 lindwurms
  6 flayed ghosts
  2 shambling mangroves
  18 orc knights
  9 harpies
  An orange crystal statue (Depths:2)
  A wizard (Depths:3)
  7 infernal demonspawn (Pan)
  62 deep elf magi
  5 phantasmal warriors
  2 wolf spider zombies
  10 ironbrand convokers
  20 deep elf archers
  An iron giant skeleton (Crypt:2)
  4 spectral wolf spiders (Spider:4)
  A harpy (shapeshifter) (D:13)
  A tengu zombie (Zig:5)
  2 anaconda skeletons
  8 oklob plants (Zig:9)
  10 orb spiders
  6 orc sorcerers
  6 necromancers
  A shadow dragon skeleton (Crypt:3)
  4 cyclopes
  4 fauns (Zig:9)
  31 wolf spiders
  A faun (shapeshifter) (Depths:2)
  30 ugly things
  A salamander (D:15)
  11 shining eyes
  A stone giant zombie (Crypt:3)
  4 manticores
  4 worldbinders
  6 moths of wrath
  3 human skeletons
  8 elephants
  A merfolk siren (Zig:9)
  9 vault sentinels
  A black mamba (shapeshifter) (Vaults:5)
  3 eyes of devastation
  A shock serpent zombie (Crypt:3)
  6 black mambas
  Maurice (Orc:1)
  A rust devil (Depths:1)
  2 fire giant skeletons
  4 molten gargoyles (Depths:2)
  An apocalypse crab (Abyss:1)
  9 ice statues
  28 smoke demons
  2 water nymphs (Abyss:5)
  6 gargoyles
  A spiny frog (shapeshifter) (Depths:3)
  12 spiny frogs
  A spriggan zombie (Zig:5)
  An eye of devastation (shapeshifter) (Depths:1)
  8 komodo dragons
  A torpor snail (Spider:3)
  10 hellions
  2 human zombies
  2 rime drakes (shapeshifter)
  A dire elephant skeleton (Crypt:3)
  14 orange demons
  11 freezing wraiths
  5 swamp worm zombies (Swamp:4)
  5 efreet
  51 guardian mummies
  49 yaktaurs
  4 rime drakes
  24 demonic crawlers
  2 catoblepas skeletons
  14 ice devils
  5 tormentors
  A troll (shapeshifter) (D:14)
  20 red devils
  8 hydra zombies
  A tengu conjurer (Depths:4)
  A redback zombie (D:12)
  3 ancient zymes (Abyss:2)
  A queen bee (shapeshifter) (Vaults:3)
  8 hellwings (Pan)
  6 trolls
  A jumping spider (shapeshifter) (Vaults:5)
  A polar bear (shapeshifter) (Depths:2)
  3 meliai (D:15)
  28 jumping spiders
  A merfolk (shapeshifter) (Depths:2)
  A raiju (Abyss:2)
  4 merfolk (Zig:9)
  A hornet (shapeshifter) (D:15)
  13 polar bears
  32 hornets
  2 meliai (shapeshifter)
  4 saltlings (Vaults:1)
  A wind drake (shapeshifter) (Depths:2)
  3 jumping spider zombies (Spider:4)
  5 tyrant leeches
  10 bog bodies
  3 wind drakes
  A fire dragon zombie (Crypt:1)
  187 slime creatures
  20 blink frogs
  2 tarantella zombies (Spider:4)
  A human simulacrum (Vaults:3)
  A snapping turtle (shapeshifter) (Depths:2)
  A spectral jumping spider (Spider:4)
  An ettin zombie (Tomb:2)
  A hydra skeleton (Crypt:3)
  A meliai zombie (Crypt:1)
  3 spectral tarantellas (Spider:4)
  2 alligator zombies (Swamp:4)
  3 spectral swamp dragons (Swamp:4)
  A hippogriff (shapeshifter) (Vaults:5)
  10 hippogriffs
  84 redbacks
  An ettin skeleton (Crypt:3)
  24 flying skulls
  9 shadows
  22 spriggans
  60 yaks
  A spriggan (shapeshifter) (Vaults:4)
  A spriggan skeleton (Zig:5)
  An ice dragon skeleton (Crypt:3)
  21 ynoxinuls
  15 water elementals
  2 tarantellas (shapeshifter)
  12 ushabtiu
  13 wraiths
  A hog (shapeshifter) (Depths:2)
  2 yaks (shapeshifter)
  3 basilisks
  6 wyverns
  17 air elementals
  21 tarantellas
  A fire bat (shapeshifter) (D:14)
  14 fire elementals
  10 chaos spawn
  19 vampire mosquitoes
  12 golden eyes
  2 humans (shapeshifter)
  3 hungry ghosts
  Menkaure (Ossuary)
  3 neqoxecs
  A spatial vortex (Abyss:2)
  An ogre zombie (Vaults:1)
  23 insubstantial wisps
  22 swamp worms
  A naga (shapeshifter) (Depths:2)
  13 water moccasins
  A water nymph zombie (Crypt:2)
  10 wargs
  2 acid dragons
  A water moccasin (shapeshifter) (Depths:2)
  A two-headed ogre skeleton (Crypt:2)
  4 hell hounds
  2 floating eyes
  A merfolk skeleton (Crypt:1)
  6 porcupines
  2 swamp drakes
  A spectral hornet (Spider:4)
  2 sky beasts
  54 orc warriors
  9 black bears
  A black bear (shapeshifter) (Depths:2)
  9 necrophages
  23 starcursed masses
  28 ice beasts
  10 eyes of draining
  An ettin simulacrum (Vaults:1)
  3 snapping turtle zombies
  9 phantoms
  33 wolves
  2 hornet zombies (Spider:4)
  21 boggarts
  A tengu (shapeshifter) (Depths:2)
  25 ogres
  An ice dragon simulacrum (Vaults:1)
  3 snapping turtle skeletons
  5 centaurs
  A blink frog skeleton (Crypt:2)
  14 crocodiles
  3 big kobolds
  A manticore skeleton (Crypt:2)
  A big kobold (shapeshifter) (Vaults:5)
  8 bullfrogs
  A spiny frog simulacrum (Tomb:2)
  A wyvern zombie (D:14)
  8 earth elementals
  A yaktaur skeleton (Vaults:1)
  A wyvern skeleton (D:14)
  A scorpion (D:8)
  21 killer bees
  A killer bee (shapeshifter) (Depths:2)
  A warg skeleton (Crypt:1)
  An orc simulacrum (Vaults:1)
  20 wights
  5 electric eels
  2 howler monkeys (D:8)
  10 crimson imps
  A bullfrog zombie (D:11)
  4 centaur zombies
  3 quasits
  8 centaur skeletons
  42 orc wizards
  24 orc priests
  5 hounds
  10 jellies
  An iron imp (Abyss:2)
  4 iguanas
  4 worker ants
  4 spectral swamp drakes (Swamp:4)
  A killer bee zombie (D:8)
  A naga zombie (Crypt:2)
  A hound zombie (D:5)
  2 tengu skeletons
  64 mummies
  A worker ant zombie (Crypt:2)
  11 gnolls
  A howler monkey skeleton (D:9)
  13 adders
  2 shadow imps
  A white imp (Abyss:2)
  3 ufetubi
  3 oozes
  An ooze (shapeshifter) (Depths:2)
  An adder skeleton (D:4)
  An iguana skeleton (Crypt:1)
  A lava snake skeleton (Crypt:2)
  7 ball lightnings (Depths:2)
  A dart slug (D:3)
  3 leopard geckos
  103 orcs
  A ball python (D:4)
  7 giant cockroaches
  2 gnoll zombies (Ossuary)
  10 goblins
  6 hobgoblins
  22 jackals
  5 quokkas
  3 bats
  2 frilled lizards (D:3)
  3 gnoll skeletons (Ossuary)
  A goblin zombie (Ossuary)
  2 hobgoblin skeletons (Ossuary)
  3 hobgoblin zombies
  19 kobolds
  3 kobold skeletons (Ossuary)
  3 kobold zombies (Ossuary)
  A leopard gecko skeleton (D:6)
  4 orc skeletons
  2 orc zombies (Ossuary)
  A quokka skeleton (D:10)
  4 rats
  5 rat zombies
  3 briar patches (Abyss:5)
  5 crawling corpses (Elf:3)
  2 plants (Zig:9)
  A starspawn tentacle (Abyss:2)
3354 creatures vanquished.

Vanquished Creatures (others)
  A lich (Tomb:2)
  A shadow dragon (Vaults:5)
  2 revenants (Tomb:2)
  A ragged hierophant (Vaults:1)
  10 death scarabs
  3 skeletal warriors (Tomb:2)
  An ironbrand convoker (Vaults:2)
  An ugly thing (Depths:2)
  A manticore (Elf:2)
  A dire elephant skeleton (Tomb:2)
  A yaktaur (Vaults:2)
  A guardian mummy (Tomb:2)
  A hydra zombie (Tomb:2)
  An ushabti (Tomb:3)
  2 yaks (Lair:6)
  2 insubstantial wisps (Swamp:4)
  A swamp drake (shapeshifter) (Vaults:5)
  An orc wizard (Vaults:2)
  2 mummies
  4 ball lightnings (Depths:2)
  2 gnoll zombies (Ossuary)
  A gnoll skeleton (Ossuary)
  5 goblin skeletons (Ossuary)
  2 goblin zombies (Ossuary)
  3 hobgoblin skeletons (Ossuary)
  3 kobold skeletons (Ossuary)
  2 kobold zombies (Ossuary)
  An orc skeleton (Ossuary)
  4 orc zombies (Ossuary)
  A rat skeleton (Ossuary)
  A rat zombie (Ossuary)
  A briar patch (Abyss:5)
  A crawling corpse (Elf:3)
  6 fungi
  6 plants
  8 spectral weapons
  7 starspawn tentacles (Abyss:2)
92 creatures vanquished.

Grand Total: 3446 creatures vanquished

Notes
Turn   | Place    | Note
-------+----------+-------------------------------------------
     0 | D:1      | 4thArraOfDagon the Mummy Wanderer began the quest for the Orb.
     0 | D:1      | 4thArraOfDagon set off with: a +2 hand crossbow, 26 bolts, 2 scrolls of teleportation, a +0 robe, a +0 dagger
     0 | D:1      | Reached XP level 1. HP: 21/21 MP: 1/1
   107 | D:1      | Reached XP level 2. HP: 27/27 MP: 2/2
   270 | D:3      | Reached XP level 3. HP: 33/33 MP: 3/3
   368 | D:2      | Found a deep blue altar of Sif Muna.
   429 | D:2      | Found a hide-covered altar of Uskayaw.
   430 | D:2      | Found a glowing silver altar of Zin.
   766 | D:4      | Noticed a hippogriff
   784 | D:5      | Entered Level 5 of the Dungeon
   828 | D:5      | Reached skill level 1 in Long Blades
   828 | D:5      | Reached XP level 4. HP: 29/39 MP: 4/4
   950 | D:5      | Found a snail-covered altar of Cheibriados.
   969 | D:5      | Became a worshipper of Cheibriados the Contemplative
  1023 | D:5      | Found a sand-covered staircase.
  1030 | Ossuary  | Entered an ossuary
  1441 | Ossuary  | Reached skill level 2 in Long Blades
  1457 | Ossuary  | Noticed Menkaure
  1469 | Ossuary  | Killed Menkaure
  1469 | Ossuary  | Reached skill level 3 in Long Blades
  1469 | Ossuary  | Reached XP level 5. HP: 8/44 MP: 5/5
  1676 | D:5      | Reached XP level 6. HP: 48/51 MP: 6/6
  1722 | D:5      | Reached skill level 4 in Long Blades
  1770 | D:5      | Reached skill level 1 in Invocations
  1784 | D:5      | Reached * piety under Cheibriados
  1844 | D:4      | Reached skill level 1 in Dodging
  2069 | D:3      | Reached ** piety under Cheibriados
  2236 | D:4      | Found a sparkling altar of Nemelex Xobeh.
  2308 | D:4      | Found a stormy altar of Qazlal.
  2402 | D:5      | Reached XP level 7. HP: 53/56 MP: 8/8
  2501 | D:6      | Noticed Doomer's ghost (novice HuCK)
  2589 | D:6      | Noticed a hippogriff
  2836 | D:7      | Found a flagged portal.
  2848 | Bailey   | Entered a bailey
  2980 | Bailey   | Got a scorched ring mail
  2981 | Bailey   | Identified the +2 ring mail of Teseh {*Drain rC++ Int+4} (You found it in a bailey)
  3003 | Bailey   | Reached *** piety under Cheibriados
  3043 | Bailey   | Found a bloodstained altar of Trog.
  3043 | Bailey   | Noticed an orc knight
  3100 | D:7      | Reached skill level 5 in Long Blades
  3339 | D:7      | Noticed nht's ghost (novice OgGl)
  3366 | D:7      | Found Oniedd's Food Emporium.
  3475 | D:6      | Killed a hippogriff
  3475 | D:6      | Reached XP level 8. HP: 62/62 MP: 8/10
  3658 | D:6      | Found a staircase to the Ecumenical Temple.
  3769 | D:6      | Reached skill level 6 in Long Blades
  4434 | D:8      | Found Con Vuho's Armour Shop.
  4497 | D:8      | Reached XP level 9. HP: 68/68 MP: 12/12
  4528 | D:8      | Noticed a two-headed ogre
  4544 | D:8      | Killed a two-headed ogre
  4544 | D:8      | Reached skill level 7 in Long Blades
  4632 | D:8      | Reached **** piety under Cheibriados
  4651 | D:8      | Noticed a two-headed ogre
  4659 | D:8      | Killed a two-headed ogre
  4659 | D:8      | Reached skill level 5 in Invocations
  4688 | D:8      | Reached XP level 10. HP: 60/74 MP: 13/13
  4726 | D:8      | Found a shadowy altar of Dithmenos.
  4728 | D:8      | Found a white marble altar of Elyvilon.
  4730 | D:8      | Found a hazy altar of Hepliaklqana.
  4782 | D:8      | Found a shattered altar of Ashenzari.
  4941 | D:9      | Found a shimmering altar of Xom.
  5025 | D:9      | Noticed a two-headed ogre
  5032 | D:9      | Killed a two-headed ogre
  5032 | D:9      | Reached skill level 8 in Long Blades
  5032 | D:9      | Reached skill level 5 in Armour
  5032 | D:9      | Reached skill level 5 in Dodging
  5078 | D:9      | Found an iron altar of Okawaru.
  5155 | D:10     | Entered Level 10 of the Dungeon
  5539 | D:10     | Noticed a gargoyle
  5598 | D:10     | Noticed a two-headed ogre
  5611 | D:10     | Killed a two-headed ogre
  5825 | D:11     | Reached ***** piety under Cheibriados
  5825 | D:11     | Reached skill level 9 in Long Blades
  5825 | D:11     | Reached XP level 11. HP: 41/79 MP: 15/15
  5876 | D:11     | Found Gaopt's Armour Shoppe.
  5891 | D:11     | Found a staircase to the Orcish Mines.
  6025 | D:11     | Found a frozen archway.
  6044 | IceCv    | Entered an ice cave
  6330 | IceCv    | Noticed an ice dragon
  6330 | IceCv    | Noticed an ice dragon
  6348 | IceCv    | Killed an ice dragon
  6394 | IceCv    | Killed an ice dragon
  6394 | IceCv    | Reached skill level 10 in Long Blades
  6447 | IceCv    | Got a smoking lapis lazuli ring
  6450 | IceCv    | Identified the ring "Raist" {MR+ SInv} (You found it in an ice cave)
  6551 | D:11     | Noticed a purple ugly thing
  6579 | D:11     | Found a staircase to the Lair.
  6627 | D:11     | Killed a purple ugly thing
  6662 | D:11     | Reached ****** piety under Cheibriados
  6786 | D:12     | Found Seopn's Jewellery Boutique.
  6820 | D:12     | Learned a level 2 spell: Passwall
  6848 | D:12     | Noticed a deep elf mage
  6851 | D:12     | Killed a deep elf mage
  6851 | D:12     | Reached XP level 12. HP: 86/86 MP: 11/17
  7295 | D:13     | Found Xyefoath's Jewellery Shoppe.
  7366 | D:13     | Noticed Protee's ghost (journeyman FoFi)
  7452 | D:13     | Reached skill level 11 in Long Blades
  7568 | D:14     | Noticed a tengu warrior
  7583 | D:14     | Killed a tengu warrior
  7655 | D:14     | Noticed a two-headed ogre
  7658 | D:14     | Killed a two-headed ogre
  7917 | D:13     | Gained mutation: You are in touch with the powers of death. [Mummy growth]
  7917 | D:13     | Reached XP level 13. HP: 91/91 MP: 13/19
  8093 | D:15     | Entered Level 15 of the Dungeon
  8164 | D:15     | Reached skill level 12 in Long Blades
  8336 | D:15     | Noticed Josephine
  8349 | D:15     | Killed Josephine
  8743 | Orc:1    | Entered Level 1 of the Orcish Mines
  8743 | Orc:1    | Noticed Maurice
  8759 | Orc:1    | Killed Maurice
  8967 | Orc:2    | Entered Level 2 of the Orcish Mines
  8980 | Orc:2    | Found Igifinas's Assorted Antiques.
  8988 | Orc:2    | Bought a steaming cloak for 218 gold pieces
  9096 | Orc:2    | Found a runed door.
  9155 | Orc:2    | Found a runed door.
  9229 | Orc:2    | Noticed a stone giant
  9240 | Orc:2    | Killed a stone giant
  9241 | Orc:2    | Found a staircase to the Elven Halls.
  9973 | Orc:2    | Reached XP level 14. HP: 87/98 MP: 16/21
  9998 | Orc:2    | Paralysed by an orc sorcerer for 6 turns
 10055 | Orc:2    | Found Ysui's Antique Armour Shoppe.
 10055 | Orc:2    | Found Nisyck Tutz's Assorted Antiques.
 10056 | Orc:2    | Found Suxabuz's Antique Weapon Boutique.
 10058 | Orc:2    | Found Yzih's General Store.
 10078 | Orc:2    | Bought a scroll of remove curse for 96 gold pieces
 10088 | Orc:2    | Identified the +0 cloak of Paothr Wura {rElec rPois rCorr} (You bought it in a shop on level 2 of the Orcish Mines)
 10141 | Orc:2    | Noticed an orc warlord
 10197 | Lair:1   | Entered Level 1 of the Lair of Beasts
 10347 | Lair:2   | Reached skill level 13 in Long Blades
 10613 | Lair:2   | Learned a level 3 spell: Spectral Weapon
 10681 | Lair:2   | Reached skill level 1 in Hexes
 10681 | Lair:2   | Reached skill level 10 in Invocations
 10754 | Lair:2   | Noticed Sonja
 10756 | Lair:2   | Killed Sonja
 10756 | Lair:2   | Reached skill level 1 in Spellcasting
 10761 | Lair:2   | Found a hole to the Spider Nest.
 10847 | Lair:2   | Reached skill level 1 in Charms
 11748 | Lair:4   | Found an ancient bone altar of Kikubaaqudgha.
 11825 | Lair:5   | Noticed Rupert
 12181 | Lair:6   | Entered Level 6 of the Lair of Beasts
 12300 | Lair:6   | Found a viscous altar of Jiyva.
 12300 | Lair:6   | Found a staircase to the Slime Pits.
 12314 | Lair:6   | Found a sacrificial altar of Ru.
 12525 | Lair:6   | Reached XP level 15. HP: 96/108 MP: 22/22
 12736 | Lair:6   | Reached skill level 14 in Long Blades
 13187 | D:11     | Bought the +8 orange crystal plate armour {Archmagi, Int+3 Clar} for 2023 gold pieces
 13224 | Orc:1    | Killed an orc warlord
 13224 | Orc:1    | Reached skill level 10 in Armour
 13295 | Elf:1    | Entered Level 1 of the Elven Halls
 13343 | Elf:1    | Found Ceicatuc's Antique Weapon Shoppe.
 13431 | Elf:2    | Noticed a Brimstone Fiend
 13433 | Elf:2    | Noticed a Brimstone Fiend
 13564 | Elf:2    | Found Unera's Food Emporium.
 13856 | Elf:2    | Found Gunalim's Armour Shop.
 13856 | Elf:2    | Found Lottat's Armour Shop.
 14259 | Elf:2    | Found Geufeubu's Food Shop.
 14287 | Elf:2    | Found a huge runed gate.
 14287 | Elf:2    | Found a huge runed gate.
 14288 | Elf:2    | Found a huge runed gate.
 14291 | Elf:2    | Found a huge runed gate.
 14294 | Elf:2    | Found a huge runed gate.
 14322 | Elf:2    | Reached XP level 16. HP: 119/119 MP: 24/24
 14347 | Elf:3    | Entered Level 3 of the Elven Halls
 14347 | Elf:3    | Found Sugur's Armour Shoppe.
 14380 | Elf:3    | Found an ancient bone altar of Kikubaaqudgha.
 14476 | Elf:3    | Found a portal to a secret trove of treasure.
 14496 | Trove    | Entered a treasure trove
 14517 | Trove    | Got a shimmering lapis lazuli ring
 14533 | Trove    | Got a faintly glowing pewter amulet
 14538 | Trove    | Got an ancient turquoise ring
 14540 | Trove    | Got a crude brass ring
 14545 | Trove    | Got a slimy sapphire amulet
 14547 | Trove    | Identified the ring of Peruomip {rCorr rElec rC- rN+++ Stlth+} (You found it in a treasure trove)
 14549 | Trove    | Identified the ring "Addomok" {rCorr rPois Dex+4 Slay+3 Stlth+} (You found it in a treasure trove)
 14551 | Trove    | Identified the amulet "Mopegom" {rC+ Regen+ Int+4} (You found it in a treasure trove)
 14553 | Trove    | Identified the amulet "Dyseusarch" {Reflect MR+ SH+2} (You found it in a treasure trove)
 14555 | Trove    | Identified the ring "Titugumm" {+Inv rElec MR+ Dex-2 Slay+4} (You found it in a treasure trove)
 14693 | Elf:3    | Found Cuonuf's Food Boutique.
 14801 | Elf:3    | Found Ogief's Magic Scroll Shop.
 14833 | Elf:2    | Found Pahal's Assorted Antiques.
 14888 | Elf:3    | Reached skill level 15 in Long Blades
 15076 | Elf:2    | Noticed a sphinx
 15506 | Elf:2    | Killed a sphinx
 15522 | Elf:2    | Bought the +2 pair of gloves of Kedaujut {rCorr Int+3} for 434 gold pieces
 15759 | Spider:1 | Entered Level 1 of the Spider Nest
 16814 | Spider:3 | Noticed Arachne
 16824 | Spider:2 | Reached skill level 10 in Fighting
 16950 | Spider:3 | Killed Arachne
 17236 | Spider:4 | Entered Level 4 of the Spider Nest
 17277 | Spider:4 | Reached XP level 17. HP: 68/129 MP: 3/26
 17630 | Spider:4 | Reached skill level 16 in Long Blades
 17917 | Spider:4 | Reached skill level 5 in Spellcasting
 18099 | Spider:4 | Got a gossamer rune of Zot
 18341 | Lair:3   | Found a staircase to the Swamp.
 18352 | Swamp:1  | Entered Level 1 of the Swamp
 18356 | Swamp:1  | Reached skill level 10 in Dodging
 19016 | Swamp:4  | Entered Level 4 of the Swamp
 19024 | Swamp:4  | Noticed Donald
 19041 | Swamp:3  | Killed Donald
 19154 | Swamp:4  | Noticed Jorgrun
 19172 | Swamp:4  | Killed Jorgrun
 19172 | Swamp:4  | Reached XP level 18. HP: 126/138 MP: 26/28
 19264 | Swamp:4  | Noticed a bone dragon
 19298 | Swamp:4  | Killed a bone dragon
 19315 | Swamp:4  | Got a decaying rune of Zot
 19619 | Swamp:3  | Noticed Aizul
 19697 | Swamp:3  | Killed Aizul
 19897 | Swamp:3  | Reached skill level 17 in Long Blades
 19938 | Swamp:3  | Noticed Roxanne
 20880 | Elf:2    | Bought a flickering tin ring for 155 gold pieces
 20880 | Elf:2    | Bought a scroll of identify for 62 gold pieces
 20880 | Elf:2    | Identified the ring "Foriof" {*Slow rF+ rC+ Str+6} (You bought it in a shop on level 2 of the Elven Halls)
 21044 | Elf:3    | Reached XP level 19. HP: 136/147 MP: 20/31
 21566 | Elf:3    | Reached skill level 10 in Spellcasting
 21759 | Elf:3    | Identified the ring "Biriqeuwn" {Wiz +Fly Int+3} (You found it on level 3 of the Elven Halls)
 21794 | Elf:3    | Learned a level 1 spell: Apportation
 21795 | Elf:3    | Identified the ring "Riomas" {rC+ MR+ Dex+2 Stlth+} (You found it on level 3 of the Elven Halls)
 21960 | Elf:1    | Reached skill level 1 in Translocations
 22221 | D:8      | Bought a +0 helmet of intelligence for 126 gold pieces
 22271 | D:9      | Reached skill level 18 in Long Blades
 22358 | D:13     | Killed Protee's ghost
 22431 | D:13     | Found a gate to the Vaults.
 22437 | Vaults:1 | Entered Level 1 of the Vaults
 22608 | Vaults:1 | Found Avainij's Assorted Antiques.
 22622 | Vaults:1 | Found Hiajo's Jewellery Shoppe.
 22627 | Vaults:1 | Found Guadgh's Antique Weapon Shop.
 22704 | Vaults:1 | Found Vappa's General Store.
 22707 | Vaults:1 | Found a ruined gateway.
 22711 | Desolati | Entered the Desolation of Salt
 22887 | Vaults:1 | Bought a dazzling great sword for 368 gold pieces
 22895 | Vaults:1 | Identified the +9 great sword of the Shark {antimagic, rC+ Int+4 Dex+3} (You bought it in a shop on level 1 of the Vaults)
 22932 | Vaults:1 | Bought a scroll of teleportation for 123 gold pieces
 23053 | Vaults:1 | Reached XP level 20. HP: 105/156 MP: 11/34
 23147 | Vaults:1 | Found Wettexaupp's General Store.
 23264 | Vaults:2 | Found a staircase to the Crypt.
 24691 | Vaults:5 | Entered Level 5 of the Vaults
 24733 | Vaults:4 | Upgraded the game from 0.20-a0-848-g73d9be0 to 0.20-a0-850-ge5a7832
 24840 | Vaults:4 | Reached XP level 21. HP: 116/164 MP: 11/35
 24877 | Vaults:4 | Reached skill level 5 in Crossbows
 25286 | Vaults:4 | Reached skill level 19 in Long Blades
 25312 | Vaults:5 | Noticed a golden dragon
 25326 | Vaults:4 | Killed a golden dragon
 25728 | Vaults:5 | Got a silver rune of Zot
 26042 | Vaults:5 | Got a fine pewter ring
 26045 | Vaults:5 | Identified the ring of the Coward {rF+ Dex+3} (You took it off an ogre mage on level 5 of the Vaults)
 26148 | Vaults:5 | Identified Kicixt's Catalogue of Unstable Bewitchment
 26152 | Vaults:5 | Learned a level 2 spell: Blink
 26186 | Vaults:5 | Reached XP level 22. HP: 158/173 MP: 12/36
 26446 | Vaults:5 | Identified the Grimoire of Boosting Creation
 26453 | Vaults:5 | Learned a level 5 spell: Aura of Abjuration
 26467 | Vaults:5 | Learned a level 5 spell: Silence
 26573 | Vaults:5 | Learned a level 7 spell: Haunt
 26606 | Vaults:5 | Learned a level 8 spell: Infestation
 26691 | Vaults:5 | Reached skill level 1 in Necromancy
 27008 | Vaults:1 | Reached skill level 15 in Fighting
 27355 | D:15     | Found a staircase to the Depths.
 27375 | Depths:1 | Entered Level 1 of the Depths
 27375 | Depths:1 | Found a stormy altar of Qazlal.
 27546 | Depths:1 | Reached skill level 20 in Long Blades
 27559 | Depths:1 | Found a gateway to Hell.
 27642 | Depths:1 | Found a runed gate.
 27642 | Depths:1 | Found a runed gate.
 27642 | Depths:1 | Found a runed gate.
 27643 | Depths:1 | Found a runed gate.
 27643 | Depths:1 | Found a runed gate.
 27643 | Depths:1 | Found a runed gate.
 27781 | Depths:1 | Got a pair of transparent boots
 27787 | Depths:1 | Reached skill level 5 in Necromancy
 28169 | Depths:2 | Reached XP level 23. HP: 181/181 MP: 15/37
 28556 | Orc:2    | Bought 2 scrolls of teleportation for 138 gold pieces
 28566 | Orc:2    | Identified the +0 pair of boots "Cing" {Regen+} (You found it on level 1 of the Depths)
 28645 | Orc:2    | Bought a scroll of teleportation for 96 gold pieces
 28645 | Orc:2    | Bought a scroll of magic mapping for 112 gold pieces
 28647 | Orc:2    | Bought a scroll of identify for 26 gold pieces
 28750 | Elf:2    | Bought a scroll of teleportation for 93 gold pieces
 29315 | Depths:2 | Reached skill level 15 in Armour
 29340 | Depths:2 | Identified the Grimoire of Confrontation
 29402 | Depths:2 | Found a one-way gate to the infinite horrors of the Abyss.
 29414 | Depths:2 | Got jacinth-encrusted fire dragon scales
 29415 | Depths:2 | Identified the +7 fire dragon scales "Ybryumm" {*Drain rF++ rC- rN++ MP+9 Int+4} (You found it on level 2 of the Depths)
 29489 | Depths:3 | Noticed Nikola
 29514 | Depths:3 | Killed Nikola
 29555 | Depths:3 | Found a one-way gate leading to the halls of Pandemonium.
 30334 | Depths:4 | Got a heavily runed shield
 30346 | Depths:4 | Found a gateway to a ziggurat.
 30369 | Depths:4 | Reached XP level 24. HP: 183/191 MP: 18/37
 30689 | Depths:4 | Upgraded the game from 0.20-a0-850-ge5a7832 to 0.20-a0-864-g92acfd1
 30748 | Depths:5 | Entered Level 5 of the Depths
 30835 | Depths:5 | Found a shattered altar of Ashenzari.
 30899 | Depths:5 | Reached skill level 10 in Necromancy
 31012 | Depths:4 | Paralysed by a floating eye for 3 turns
 31191 | Depths:5 | Found a gate to the Realm of Zot.
 31600 | Crypt:1  | Entered Level 1 of the Crypt
 31631 | Crypt:1  | Reached skill level 21 in Long Blades
 31927 | Crypt:1  | Identified the +5 shield of Hedging {*Corrode Dex+3} (You found it on level 4 of the Depths)
 31993 | Crypt:2  | Noticed Margery
 32017 | Crypt:2  | Noticed Jory
 32074 | Crypt:1  | Killed Jory
 32140 | Crypt:2  | Reached skill level 15 in Dodging
 32156 | Crypt:2  | Killed Margery
 32303 | Crypt:2  | Learned a level 4 spell: Passage of Golubria
 32346 | Crypt:2  | Reached XP level 25. HP: 186/199 MP: 18/37
 32387 | Crypt:3  | Entered Level 3 of the Crypt
 32421 | Crypt:2  | Found an ancient bone altar of Kikubaaqudgha.
 32753 | Crypt:3  | Identified the +5 hand crossbow of Subjectivity {freeze, rElec rF+} (You found it on level 3 of the Crypt)
 32928 | Crypt:3  | Identified the ring of Meim {rN+ Dex+2} (You found it on level 3 of the Crypt)
 32929 | Crypt:3  | Identified the ring "Lekhar" {rElec rN+ Str+6 Dex+3 Slay-5} (You found it on level 3 of the Crypt)
 33031 | Crypt:3  | Found an ancient bone altar of Kikubaaqudgha.
 33105 | Crypt:3  | Noticed an ancient lich
 33107 | Crypt:3  | Killed an ancient lich
 33355 | Crypt:3  | Found a staircase to the Tomb.
 33424 | Crypt:3  | Noticed an ancient lich
 33435 | Crypt:3  | Killed an ancient lich
 33497 | Tomb:1   | Entered Level 1 of the Tomb of the Ancients
 33728 | Tomb:1   | Noticed a greater mummy
 33764 | Tomb:1   | Killed a greater mummy
 33764 | Tomb:1   | Reached skill level 10 in Crossbows
 33810 | Tomb:1   | Noticed a greater mummy
 33823 | Tomb:1   | Killed a greater mummy
 33827 | Tomb:1   | Noticed a greater mummy
 33833 | Tomb:1   | Noticed a greater mummy
 33838 | Tomb:1   | Killed a greater mummy
 33848 | Tomb:1   | Killed a greater mummy
 33913 | Tomb:2   | Noticed a greater mummy
 33913 | Tomb:2   | Noticed an ancient lich
 33914 | Tomb:2   | Noticed a greater mummy
 33916 | Tomb:2   | Noticed a greater mummy
 33959 | Tomb:1   | Killed a greater mummy
 33969 | Tomb:1   | Killed a greater mummy
 33992 | Tomb:1   | Killed a greater mummy
 34015 | Tomb:1   | Killed an ancient lich
 34149 | Tomb:1   | Noticed a greater mummy
 34159 | Tomb:1   | Noticed a greater mummy
 34164 | Tomb:2   | Killed a greater mummy
 34164 | Tomb:2   | Gained mutation: You are strongly in touch with the powers of death. [Mummy growth]
 34164 | Tomb:2   | Reached XP level 26. HP: 184/207 MP: 15/37
 34194 | Tomb:2   | Killed a greater mummy
 34266 | Tomb:1   | Noticed a greater mummy
 34286 | Tomb:2   | Killed a greater mummy
 34331 | Tomb:1   | Noticed a greater mummy
 34344 | Tomb:1   | Killed a greater mummy
 34346 | Tomb:1   | Noticed a greater mummy
 34360 | Tomb:1   | Noticed a greater mummy
 34360 | Tomb:1   | Killed a greater mummy
 34362 | Tomb:1   | Noticed a greater mummy
 34371 | Tomb:1   | Killed a greater mummy
 34382 | Tomb:1   | Killed a greater mummy
 34390 | Tomb:1   | HP: 4/208 [reaper/vampiric scythe[a greater mummy's death curse] (31)]
 34520 | Tomb:1   | Noticed a greater mummy
 34525 | Tomb:1   | Killed a greater mummy
 34549 | Tomb:1   | Noticed a greater mummy
 34564 | Tomb:1   | Killed a greater mummy
 34603 | Tomb:1   | Noticed a greater mummy
 34617 | Tomb:1   | Killed a greater mummy
 34618 | Tomb:1   | Noticed a greater mummy
 34627 | Tomb:1   | Killed a greater mummy
 34657 | Tomb:1   | Noticed a greater mummy
 34663 | Tomb:1   | Noticed a greater mummy
 34695 | Tomb:1   | Killed a greater mummy
 34702 | Tomb:1   | Killed a greater mummy
 34728 | Tomb:1   | Noticed a greater mummy
 34731 | Tomb:1   | Killed a greater mummy
 34870 | Tomb:3   | Entered Level 3 of the Tomb of the Ancients
 34870 | Tomb:3   | Noticed Mara
 34949 | Tomb:3   | Reached skill level 22 in Long Blades
 34956 | Tomb:3   | Killed Mara
 34979 | Tomb:3   | Noticed a greater mummy
 34987 | Tomb:3   | Noticed a greater mummy
 35055 | Tomb:3   | Noticed a greater mummy
 35078 | Tomb:2   | Killed a greater mummy
 35139 | Tomb:3   | Noticed a greater mummy
 35158 | Tomb:2   | Killed a greater mummy
 35200 | Tomb:2   | Killed a greater mummy
 35301 | Tomb:3   | Noticed a greater mummy
 35313 | Tomb:2   | Killed a greater mummy
 35360 | Tomb:3   | Killed a greater mummy
 35437 | Tomb:3   | Noticed a greater mummy
 35437 | Tomb:3   | Noticed a greater mummy
 35440 | Tomb:3   | Noticed a greater mummy
 35450 | Tomb:2   | Killed a greater mummy
 35450 | Tomb:2   | Reached XP level 27. HP: 163/215 MP: 18/37
 35498 | Tomb:2   | Killed a greater mummy
 35541 | Tomb:2   | Killed a greater mummy
 35573 | Tomb:3   | Reached skill level 15 in Necromancy
 35620 | Tomb:3   | Noticed a greater mummy
 35624 | Tomb:3   | Killed a greater mummy
 35697 | Tomb:3   | Identified the ring "Vioxugai" {Wiz rF+ rC- Int+4} (You found it on level 3 of the Tomb of the Ancients)
 35731 | Tomb:3   | Got a golden rune of Zot
 35801 | Tomb:3   | Learned a level 5 spell: Dispel Undead
 35802 | Tomb:3   | Identified the ring "Soodi" {+Fly rElec Str+2} (You found it on level 3 of the Tomb of the Ancients)
 36694 | Slime:1  | Entered Level 1 of the Pits of Slime
 37522 | Slime:5  | Entered Level 5 of the Pits of Slime
 37622 | Slime:5  | magipi: hello
 37633 | Slime:5  | 4thArraOfDagon: hi
 37652 | Slime:5  | magipi: muwn?
 37894 | Slime:5  | Noticed the Royal Jelly
 37908 | Slime:5  | Killed the Royal Jelly
 37955 | Slime:5  | Identified Asmi's Tome of Shifting Unholy Rituals
 37963 | Slime:5  | Identified the cursed +2 arbalest "Tupnuwn" {velocity, +Fly Int-3 Dex+8 SInv} (You found it on level 5 of the Pits of Slime)
 37964 | Slime:5  | Identified the ring of Atzebirgh {MR+ Str+3 Int+3 Dex+4} (You found it on level 5 of the Pits of Slime)
 37965 | Slime:5  | Got a slimy rune of Zot
 38374 | Zig:1    | Entered Level 1 of a ziggurat
 38388 | Zig:2    | Entered Level 2 of a ziggurat
 38412 | Zig:3    | Entered Level 3 of a ziggurat
 38417 | Zig:3    | Noticed Gocow the pandemonium lord
 38434 | Zig:3    | Killed Gocow the pandemonium lord
 38446 | Zig:4    | Entered Level 4 of a ziggurat
 38452 | Zig:4    | Noticed a greater mummy
 38469 | Zig:4    | Killed a greater mummy
 38525 | Zig:5    | Entered Level 5 of a ziggurat
 38534 | Zig:5    | magipi: this zig is the worst ever
 38563 | Zig:5    | Identified the ring "Uvvairgha" {rPois Str+3} (You found it on level 5 of a ziggurat)
 38567 | Zig:6    | Entered Level 6 of a ziggurat
 38614 | Zig:7    | Entered Level 7 of a ziggurat
 38647 | Zig:7    | Identified the Guide on Lucky Transmigration
 38650 | Zig:8    | Entered Level 8 of a ziggurat
 38658 | Zig:8    | Noticed a juggernaut
 38664 | Zig:8    | Killed a juggernaut
 38690 | Zig:8    | 4thArraOfDagon: last
 38692 | Zig:9    | Entered Level 9 of a ziggurat
 38744 | Zig:9    | Identified 2 scrolls of acquirement
 38748 | Zig:9    | Identified the ring of Newniunt {rN+ Int+2} (You found it on level 9 of a ziggurat)
 38750 | Zig:10   | Entered Level 10 of a ziggurat
 38765 | Zig:10   | Noticed a juggernaut
 38767 | Zig:10   | Noticed a juggernaut
 38767 | Zig:10   | Noticed a juggernaut
 38770 | Zig:10   | Killed a juggernaut
 38771 | Zig:10   | Killed a juggernaut
 38771 | Zig:10   | Reached skill level 23 in Long Blades
 38772 | Zig:10   | Killed a juggernaut
 38775 | Zig:10   | Noticed a juggernaut
 38787 | Zig:10   | Killed a juggernaut
 38810 | Zig:10   | Identified Hoariom's Reference Book on Sinister Magic and Envenoming
 38813 | Zig:10   | Identified the amulet of Irrepressible Laughter {RegenMP rElec} (You found it on level 10 of a ziggurat)
 38898 | Pan      | Entered Pandemonium
 38901 | Pan      | Found an exit through the horrors of the Abyss.
 38916 | Pan      | Took an exit into the Abyss.
 38916 | Abyss:1  | Escaped into the Abyss
 39086 | Abyss:2  | Found a corrupted altar of Lugonu.
 39138 | Abyss:2  | Found a corrupted altar of Lugonu.
 39221 | Abyss:2  | Paralysed by accursed screaming for 1 turns
 39583 | Abyss:4  | Found a corrupted altar of Lugonu.
 39679 | Abyss:4  | Found an ornate altar of the Wu Jian Council.
 39686 | Abyss:5  | Entered Level 5 of the Abyss
 39801 | Abyss:5  | Got an abyssal rune of Zot
 39806 | Depths:3 | Escaped the Abyss
 39814 | Pan      | Entered Pandemonium
 40196 | Pan      | Noticed Geax the pandemonium lord
 40210 | Pan      | Killed Geax the pandemonium lord
 40258 | Pan      | Found an exit through the horrors of the Abyss.
 40377 | Pan      | Found an exit through the horrors of the Abyss.
 40413 | Pan      | Found a huge runed gate.
 40517 | Pan      | Noticed Esit the pandemonium lord
 40534 | Pan      | Killed Esit the pandemonium lord
 40747 | Pan      | Found an exit through the horrors of the Abyss.
 40788 | Pan      | Noticed Jaih the pandemonium lord
 40832 | Pan      | Noticed Mennas
 40947 | Pan      | Noticed Azzok's ghost (legendary GrMo)
 40953 | Pan      | magipi: hellion island?
 40993 | Pan      | Killed Azzok's ghost
 40999 | Pan      | 4thArraOfDagon: ya :/
 41051 | Pan      | Found an exit through the horrors of the Abyss.
 41270 | Pan      | Found an exit through the horrors of the Abyss.
 41358 | Pan      | Noticed Boizepsa the pandemonium lord
 41373 | Pan      | Killed Boizepsa the pandemonium lord
 41493 | Pan      | Reached skill level 5 in Stealth
 41504 | Pan      | Reached skill level 5 in Evocations
 41544 | Pan      | Noticed Ramyid the pandemonium lord
 41548 | Pan      | Killed Ramyid the pandemonium lord
 41576 | Pan      | Got a demonic rune of Zot
 41758 | Pan      | Found an exit through the horrors of the Abyss.
 42173 | Pan      | ROTFL
 42481 | Pan      | Found a runed door.
 42488 | Pan      | Found a runed door.
 42489 | Pan      | Noticed Lunur the pandemonium lord
 42499 | Pan      | Killed Lunur the pandemonium lord
 42511 | Pan      | Found a runed door.
 42541 | Pan      | Killed from afar by a Tzitzimitl

Vault maps used:
D:1:      lemuel_arrival_rhombus
D:2:      nicolae_overflow_crystal_walls, gammafunk_temple_overflow_statue,
          first_bread, minmay_goblin_kobold_house
D:4:      nicolae_qazlal_eye_of_the_storm, nemelex_xobeh_ov_fountains_minmay,
          st_stairs_9
D:5:      slow_altar_2, enter_ossuary_1
D:6:      tso_oasis_becter, temple_fountains
D:7:      enter_bailey_3, serial_shops, shop_statue
D:8:      lemuel_coloured_pillars_altar, grunt_temple_overflow_diamond,
          serial_shops, shop
D:9:      kennysheep_mini, overflow_temple_1_default
D:10:     kb_rosetta
D:11:     erik_lair_orcish_takeover, orc_david_3,
          portal_ice_cave_entry_ice_beasts, david_nohive_1
D:12:     serial_shops, shop_statue, minmay_unpleasant_kobolds
D:13:     david_vaults_4, serial_shops, nicolae_shop_trees
D:14:     minivault_26, stair_cage_line
D:15:     hangedman_depths_entry_try_elsewhere_first, serial_bayou_ford_a,
          uniq_josephine
Lair:1:   serial_bayou_crossing
Lair:2:   beast_lair_carwin_large_1, spider_nest_entry_webs,
          cheibrodos_lair_reptile_den, uniq_sonja
Lair:3:   nicolae_swamp_entry_splash_gauntlet, serial_bayou_shore_b,
          grunt_megastairs_3
Lair:4:   basic_altar
Lair:5:   minivault_25, serial_bayou_shore_b, uniq_rupert
Lair:6:   minmay_lair_end_enchanted_forest, dpeg_slime_entry_enclosed_altar,
          basic_altar
Swamp:1:  serial_swamp_ruin, evilmike_swamp_ruin_house_2,
          evilmike_swamp_ruin_wall, evilmike_swamp_ruin_house_6, swamp_pool1,
          nicolae_swamp_dense_foliage
Swamp:2:  hangedman_swamp_ruin_wall, infiniplex_staircase_pool
Swamp:3:  evilmike_swamp_ruin_house_5, uniq_roxanne, uniq_aizul
Swamp:4:  swamp_pestilence, swamp_pool1, uniq_jorgrun, uniq_donald
Spider:1: nicolae_spider_webbed_stairs
Spider:2: spider_trap
Spider:3: uniq_arachne
Spider:4: floodkiller_spider_rune_tomb, nicolae_spider_webs_and_nodes,
          einodemon_crawler_minivault
Slime:1:  cheibrodos_slime_lost_civilization_2
Slime:3:  cheibrodos_slime_lost_civilization_3
Orc:1:    rock_pile, uniq_maurice
Orc:2:    st_orc_elflike, serial_shops, shop_statue,
          chequers_guarded_unrand_ignorance
Elf:1:    serial_shops, nicolae_shop_statue_plus, hangedman_elf_represent
Elf:2:    special_room, serial_shops, shop, shop, shop, nicolae_shop_crystal,
          shop
Elf:3:    minmay_elf_hall_hex, basic_altar, serial_shops, nicolae_shop_trees,
          shop_fountains, nicolae_shop_competitors_out_of_business,
          nicolae_trove_entry_crossroad, serial_sigils_hangedman_carve
Vaults:1: v_misc_19, vaults_room_pools, serial_ice_m, hangedman_vaults_slither,
          v_misc_14, st_cells, v_misc_17, v_misc_30,
          ontoclasm_vaults_ring_square, nicolae_vaults_diagonal_hallway_8,
          vaults_mumra_hex, portal_desolation_entry_salt, serial_shops, shop,
          shop, nicolae_shop_waterfront, shop, nicolae_shop_stone
Vaults:2: nicolae_vaults_twisting_passages, vaults_room_semicircle,
          vaults_room_door_ring, minmay_crypt_entry_simple_statues,
          vaults_room_stairs_pillars, vaults_dpeg_encased_lava,
          hangedman_vaults_snaps, ontoclasm_vaults_shuriken,
          ontoclasm_vaults_ligature
Vaults:3: ontoclasm_vaults_loading_screen, vaults_room_grunt_arrival_ludios,
          v_misc_12, ontoclasm_vaults_misaligned, nicolae_vaults_alarming,
          nicolae_vaults_network_barrier, v_rooms_5, nicolae_vaults_big_ls,
          v_misc_15, grunt_vaults_diagonal
Vaults:4: grunt_vaults_bifocal, hangedman_vaults_stretched_pinwheel,
          nicolae_vaults_network_s, v_misc_12, hangedman_vaults_stitches,
          nicolae_vaults_yaktaur_gun_rack, v_pattern_2, vaults_room_fours
Crypt:2:  basic_altar, basic_stair_grate_trap, uniq_margery, uniq_jory
Crypt:3:  quadcrypt_mu
Tomb:3:   uniq_mara
Depths:1: lemuel_crystal_altar, abyss_entry_small_statue_room,
          grunt_mini_vestibule, hangedman_abyss_or_decor_slice,
          brannock_guarded_unrand_thermic_engine
Depths:2: radiant_caverns_a_rkd, hell_entry, serial_shops, abyss_entry
Depths:3: minmay_diamond_stairs, hell_entry, pan_entry,
          minmay_misc_feat_hallway, minmay_misc_feat_four_crosses, ice2_lemuel,
          infiniplex_staircase_trident, uniq_nikola
Depths:4: minmay_thick_lines, enter_ziggurat_c, grunt_hell_entry_dis_mu,
          marbit_kobold_abyss_entry, lemuel_crystal_altar,
          minmay_staircase_statues, grunt_megastairs_2
Depths:5: grunt_zot_entry_bicorn, abyss_entry, hellmouth_1, special_room,
          evilmike_ruin_ashenzari, minmay_misc_feat_x
Abyss:2:  hangedman_summoners_spam
Abyss:3:  due_exit_kobolds
Abyss:4:  guppyfry_abyss_exit_glass_guarded, hangedman_abyss_river_spirits,
          hangedman_abyss_rune_macabre_mess, evilmike_abyss_exit_vortex
Abyss:5:  grunt_abyss_rune_forest_and_sorcery, evilmike_abyss_exit_4
Pan:      rand_demon_6, pan_blood_fountain, rand_demon_6,
          evilmike_mini_pan_corner, pan_blood_fountain_2,
          nicolae_pan_giant_door, evilmike_mini_pan_3x3,
          nicolae_pan_sigil_nadil, nicolae_pan_lom_lobonic_3,
          evilmike_mini_pan_T, uniq_mennas_pan, lemuel_hellion_island,
          pan_blood_fountain_small, evilmike_mini_pan_layers, rand_demon_1,
          grunt_pan_frozen_over, evilmike_mini_pan_branches, rand_demon_7
Zig:2:    ziggurat_pillar_centre_c
Zig:7:    ziggurat_pillar_centre_dead_trees
Zig:9:    ziggurat_pillar_centre_oklobs
Trove:    trove_jewel_1
Ossuary:  ossuary_due_pyramid
Bailey:   bailey_axe_3, bailey
IceCv:    ice_cave_small_dragons

Skill      XL: |  1  2  3  4  5  6  7  8  9 10 11 12 13 14 15 16 17 18 19 20 21 22 23 24 25 26 27 |
---------------+----------------------------------------------------------------------------------+-----
Crossbows      | 2 3 4 6 7 8 9 10 11 13 | 13.0
Long Blades    | 1 3 4 5 6 7 9 10 11 12 13 14 15 16 17 18 19 20 21 22 23 | 23.0
Invocations    | 1 2 4 5 6 7 8 9 10 11 12 | 12.0
Dodging        | 1 2 3 4 5 6 7 9 10 11 12 13 14 15 16 19 | 19.6
Armour         | 2 3 4 5 6 7 9 10 11 12 13 14 15 16 18 | 18.0
Evocations     | 2 4 6 |  6.8
Hexes          | 3 4 |  4.2
Spellcasting   | 2 6 8 10 | 10.0
Charms         | 2 3 |  3.7
Fighting       | 7 8 10 11 12 13 14 15 16 17 19 | 19.4
Translocations | 2 4 |  4.3
Necromancy     | 5 9 11 13 14 18 | 18.0
Stealth        | 7 |  7.5

Action                   |  1- 3 |  4- 6 |  7- 9 | 10-12 | 13-15 | 16-18 | 19-21 | 22-24 | 25-27 || total
-------------------------+-------+-------+-------+-------+-------+-------+-------+-------+-------++-------
Melee: Long sword        |    30 |   127 |   140 |       |    29 |   463 |       |       |       ||   789
       Great sword       |       |       |    64 |   576 |  1078 |  1096 |  1039 |   801 |  2120 ||  6774
       Arbalest          |       |       |       |       |       |       |     1 |       |       ||     1
 Fire: Hand crossbow     |    33 |    65 |   107 |     4 |     8 |    67 |    14 |       |       ||   298
       Arbalest          |       |       |       |       |       |       |   113 |   471 |   521 ||  1105
Throw: Tomahawk          |       |       |    23 |       |       |       |       |       |       ||    23
       Throwing net      |       |       |       |     1 |       |     1 |       |       |       ||     2
 Cast: Apportation       |       |       |       |       |       |       |     6 |    22 |    49 ||    77
       Spectral Weapon   |       |       |       |       |       |       |       |     5 |     7 ||    12
       Passage of Golubr |       |       |       |       |       |       |       |       |    10 ||    10
Invok: Bend Time         |       |       |     3 |       |       |       |     1 |       |       ||     4
       Temporal Distorti |       |       |     1 |     1 |     1 |       |     2 |     1 |     2 ||     8
       Slouch            |       |       |       |     6 |    24 |    17 |    17 |    16 |    33 ||   113
Evoke: Wand              |       |       |    13 |    23 |     9 |    17 |     4 |     6 |    15 ||    87
       Phial of floods   |       |       |       |       |     1 |     1 |       |       |     1 ||     3
       Lightning rod     |       |       |       |       |       |       |     4 |       |       ||     4
       Fan of gales      |       |       |       |       |       |       |     1 |       |       ||     1
       Box of beasts     |       |       |       |       |       |       |       |       |     1 ||     1
  Use: Scroll            |       |     6 |    14 |     7 |     6 |    14 |    22 |    12 |    16 ||    97
 Stab: Sleeping          |       |     2 |       |    13 |     7 |       |       |     2 |     3 ||    27
       Paralysed         |       |       |    12 |    23 |       |     4 |       |       |       ||    39
       Distracted        |       |       |       |       |     1 |     1 |       |     3 |    14 ||    19
       Confused          |       |       |       |       |       |     1 |       |       |       ||     1
       Petrifying        |       |       |       |       |       |     1 |       |       |       ||     1
       Petrified         |       |       |       |       |       |     1 |       |       |       ||     1
Armor: Ring mail         |    13 |    53 |   187 |   197 |       |       |       |       |       ||   450
       Troll leather arm |       |       |       |     2 |   181 |       |       |       |       ||   183
       Crystal plate arm |       |       |       |       |   136 |  1802 |   836 |   209 |       ||  2983
       Fire dragon scale |       |       |       |       |       |       |       |   184 |   730 ||   914
Dodge: Dodged            |    31 |    84 |   276 |   524 |  1185 |  1257 |   929 |   993 |  3438 ||  8717
       Deflected         |       |       |       |     2 |    41 |    34 |    81 |    39 |    40 ||   237
       Rpst.: Long sword |     9 |    18 |    26 |       |     1 |    81 |       |       |       ||   135
       Great sword       |       |       |    21 |   156 |   325 |   209 |   167 |   175 |   679 ||  1732
